Map: Acid Plant LE

Players

Spider

  • Race: Terran Terran
  • League: Diamond
  • Spawn Location: 11:00

Adapt - Winner!

  • Race: Zerg Zerg
  • League: Diamond
  • Spawn Location: 5:00

VOD

Have the link to the VOD?

Description

Time

  • Played on: May 24, 2018, 8:27 p.m.
  • Length: 21:24
Show
View Real Time Build Order
Export as new Build Order

Spider Terran 

Build Orders: Reaper Expand, MMM Bio 

Get SALT Encoding   

  12  0:00  SCV  
  13  0:14  SCV  
  14  0:17  Supply Depot  
  14  0:26  SCV  
  15  0:39  SCV  
  15  0:40  Barracks  
  16  0:46  Refinery  
  16  0:52  SCV  
  17  1:05  SCV  
  18  1:20  SCV  
  19  1:30  Reaper  
  20  1:33  Orbital Command  
  20  1:45  Command Center  
  20  1:59  Barracks  
  20  2:00  SCV  
  21  2:09  Barracks Reactor  
  21  2:14  SCV  
  22  2:16  Supply Depot  
  22  2:25  Factory  
  22  2:32  SCV  
  23  2:44  SCV  
  24  2:47  Marine x2, Bunker  
  24  2:48  Barracks Tech Lab  
  26  2:56  SCV  
  27  2:58  Orbital Command  
  27  3:07  Marine x2  
  27  3:08  SCV  
  27  3:11  Refinery  
  30  3:15  Stimpack  
  30  3:16  Marine  
  31  3:20  SCV  
  31  3:25  SCV  
  33  3:28  Marine x2  
  33  3:32  SCV  
  34  3:47  Marine  
  34  3:48  Marine x2  
  36  3:53  Starport, SCV x2  
  38  3:57  Factory Reactor  
  38  4:04  Refinery  
  38  4:05  SCV x2  
  38  4:07  Supply Depot  
  38  4:09  Marine x3  
  42  4:10  Supply Depot  
  43  4:17  SCV x2  
  43  4:22  Supply Depot  
  45  4:29  SCV x2  
  45  4:30  Marine x3  
  50  4:33  Supply Depot  
  50  4:48  Medivac x2, Factory Tech Lab  
  54  4:54  SCV x2  
  54  4:55  Supply Depot  
  54  4:56  Supply Depot  
  56  5:06  SCV  
  56  5:07  Supply Depot, SCV  
  58  5:08  Marine x3  
  61  5:16  Siege Tank  
  61  5:19  SCV x2  
  66  5:26  Combat Shields  
  66  5:31  SCV  
  66  5:32  Marine  
  66  5:33  Marine x2  
  70  5:39  Medivac  
  70  5:40  Medivac  
  70  5:41  Command Center  
  74  5:43  SCV x2  
  74  5:49  Siege Tank  
  79  5:55  SCV x2  
  80  6:06  Marine x3  
  80  6:07  SCV x2  
  80  6:11  Barracks x2  
  85  6:16  Engineering Bay  
  85  6:17  Engineering Bay  
  85  6:19  SCV x2  
  87  6:29  Siege Tank  
  90  6:37  Marine x3  
  90  6:38  Medivac x2  
  97  6:40  SCV x2  
  97  6:41  Refinery  
  97  6:42  Supply Depot  
  99  6:47  Terran Infantry Weapons Level 1  
  99  6:52  SCV x2  
  97  7:33  SCV x2  
  97  7:34  Barracks Reactor x2, Marine x2, Siege Tank  
  97  7:35  Marine  
  105  8:02  SCV  
  105  8:03  Orbital Command  
  106  8:08  Marine  
  106  8:09  Marine, Siege Tank  
  111  8:15  SCV x2  
  114  8:27  SCV x2  
  114  8:28  Marine  
  114  8:29  Marine x4  
  115  8:42  Siege Tank  
  115  8:45  SCV x3  
  115  8:57  SCV x2  
  115  8:58  SCV  
  115  9:08  Marine  
  115  9:09  Marine x6, SCV  
  124  9:10  SCV x2  
  124  9:15  Factory  
  125  9:17  Factory  
  125  9:18  Supply Depot x2  
  125  9:19  Supply Depot x2, Terran Infantry Armor Level 1  
  125  9:22  Armory  
  125  9:25  Refinery  
  125  9:26  Refinery  
  125  9:39  Marine x2  
  125  9:40  Marine x2, SCV x3, Siege Tank  
  125  9:43  Sensor Tower  
  125  9:44  Marine x3  
  138  9:49  Medivac x2  
  138  9:50  Barracks x2  
  138  9:52  Barracks, SCV x3  
  145  9:57  Marine x4  
  145  9:59  Command Center  
  143  10:01  Marine  
  143  10:03  Marine  
  143  10:04  Marine, SCV x3  
  149  10:09  Liberator  
  149  10:15  Marine  
  149  10:16  SCV x2  
  152  10:23  SCV  
  152  10:27  Marine  
  157  10:30  Factory Tech Lab x2  
  157  10:48  Supply Depot x2  
  157  10:49  Supply Depot x2  
  157  10:52  Liberator  
  157  11:04  SCV  
  157  11:05  SCV x2  
  157  11:09  Marine x10  
  170  11:17  SCV  
  167  11:27  Marine x10  
  154  11:44  Marine x6  
  154  11:45  Marauder, Marine x3, Siege Tank x3  
  171  12:02  Marine x2  
  168  12:09  Marine  
  168  12:10  Marine x7  
  175  12:20  Marine  
  168  12:31  Marine x9  
  174  12:38  Marine  
  174  12:43  Terran Infantry Weapons Level 2, Terran Infantry Armor Level 2  
  174  12:44  Terran Vehicle Weapons Level 1  
  174  12:49  Marine x9  
  176  12:56  Marine  
  171  13:06  Marine  
  172  13:20  Marine x8  
  172  13:21  Marine  
  172  13:24  Marine  
  176  13:31  SCV  
  176  13:32  SCV x2  
  178  13:36  Siege Tank x3  
  178  13:37  Medivac x2  
  178  13:38  Marine x6  
  197  13:43  SCV  
  197  13:44  SCV x2  
  197  13:47  Refinery, Command Center  
  200  13:51  Refinery  
  200  14:10  Barracks Tech Lab x2  
  200  14:26  Starport  
  200  14:27  Starport  
  200  14:29  Starport  
  194  14:31  Starport  
  123  15:28  Starport Reactor x4  
  123  15:30  Terran Ship Weapons Level 1  
  123  15:31  Terran Infantry Armor Level 3, Terran Infantry Weapons Level 3  
  123  15:37  Orbital Command  
  123  15:40  Marine  
  123  15:41  Marine x9  
  127  15:58  Marine  
  127  15:59  Marine x4  
  127  16:01  Marine  
  127  16:02  Marine x4  
  112  16:16  Marine  
  112  16:17  Marine x4  
  109  16:19  Marine  
  103  16:34  Viking x2  
  99  16:51  Marine x6  
  99  16:52  Marine x4  
  85  17:09  Marine x10, SCV  
  85  17:10  SCV  
  85  17:11  Siege Tank x3  
  92  17:22  SCV x2  
  85  17:25  Supply Depot, Bunker  
  85  17:26  Marine, Supply Depot  
  85  17:27  Marine x2  
  85  17:28  Supply Depot  
  79  17:31  Command Center  
  79  17:33  Marine x2  
  79  17:34  Marine x5, SCV x2  
  88  17:39  Planetary Fortress  
  88  17:44  Marine  
  88  17:45  Refinery, Marine  
  88  18:05  Medivac x2  
  78  18:08  Siege Tank x3  
  86  18:13  SCV x2  
  86  18:16  Marine x5  
  86  18:17  Marine x5  
  98  18:25  SCV  
  99  18:34  Marine x7  
  64  18:57  Command Center  
Show
View Real Time Build Order
Export as new Build Order

Adapt Zerg - Winner!

Build Orders: Hatch First 

Get SALT Encoding   

  12  0:01  Drone  
  13  0:12  Overlord  
  13  0:17  Drone  
  14  0:30  Drone x2  
  14  0:34  Drone  
  17  0:51  Hatchery  
  17  0:54  Drone  
  17  0:58  Drone  
  18  1:08  Extractor  
  17  1:15  Spawning Pool  
  17  1:16  Drone  
  17  1:20  Drone  
  18  1:27  Drone  
  19  1:39  Overlord  
  19  1:49  Drone  
  20  2:04  Queen x2  
  20  2:05  Zergling x4  
  26  2:12  Drone  
  27  2:16  Zergling x2  
  28  2:26  Hatchery  
  27  2:31  Metabolic Boost  
  26  2:41  Drone x3  
  29  2:49  Drone x2  
  29  2:50  Overlord  
  31  3:04  Queen  
  33  3:06  Drone x2  
  33  3:09  Drone  
  33  3:11  Drone  
  37  3:14  Drone x2  
  39  3:23  Overlord  
  37  3:43  Drone  
  37  3:44  Drone x6  
  37  3:47  Queen  
  45  3:48  Drone x2  
  45  3:49  Drone x2  
  45  3:52  Queen  
  51  4:01  Drone  
  51  4:02  Drone x2  
  54  4:05  Lair  
  54  4:10  Drone  
  54  4:11  Drone x2  
  54  4:13  Extractor  
  54  4:16  Overlord  
  56  4:20  Overlord x2  
  56  4:26  Baneling Nest  
  56  4:29  Overlord x2  
  55  4:42  Zergling x12  
  55  4:43  Zergling x4  
  55  4:45  Drone  
  64  4:51  Zergling x2  
  65  4:56  Evolution Chamber, Zergling x4  
  66  5:03  Zergling x4  
  68  5:08  Drone x4  
  68  5:13  Zergling x2  
  73  5:15  Centrifical Hooks  
  73  5:19  Hydralisk Den  
  72  5:22  Extractor  
  72  5:24  Extractor  
  70  5:34  Drone  
  70  5:35  Drone x3  
  74  5:36  Drone x2  
  74  5:39  Drone x3  
  74  5:40  Drone x3  
  74  5:41  Overlord x2  
  82  5:45  Zerg Ground Armor Level 1  
  82  5:49  Evolution Chamber  
  81  5:54  Spore Crawler x2  
  79  5:57  Zergling x14  
  79  5:58  Zergling x2  
  83  6:05  Baneling  
  83  6:06  Baneling x4  
  83  6:17  Drone x3, Extractor  
  83  6:18  Extractor  
  84  6:21  Drone x3  
  85  6:29  Hydralisk  
  85  6:30  Grooved Spines  
  87  6:35  Zergling x18  
  87  6:36  Zergling x2  
  97  6:43  Hydralisk x2  
  101  6:59  Hydralisk x2  
  105  7:03  Overlord x3  
  105  7:14  Overlord x2  
  105  7:15  Overlord x5  
  85  7:31  Drone x2  
  85  7:32  Drone x3  
  90  7:41  Muscular Augments  
  90  7:58  Hydralisk  
  90  7:59  Hydralisk x11  
  90  8:02  Zerg Ground Armor Level 2  
  90  8:03  Zerg Melee Weapons Level 1  
  114  8:10  Hatchery  
  113  8:15  Spore Crawler, Baneling  
  113  8:16  Spore Crawler x2, Baneling x10  
  113  8:17  Zergling x2  
  111  8:39  Hatchery  
  108  8:41  Hydralisk  
  108  8:42  Hydralisk x4  
  108  8:46  Baneling x6  
  108  8:48  Drone  
  119  8:50  Drone  
  119  8:55  Infestation Pit  
  115  8:59  Hydralisk x2  
  118  9:12  Evolution Chamber  
  118  9:16  Spore Crawler, Drone  
  117  9:17  Drone x8  
  117  9:21  Drone x3  
  128  9:30  Hydralisk  
  128  9:31  Hydralisk x2  
  134  9:39  Zerg Missile Weapons Level 1  
  134  9:41  Hive  
  134  9:44  Drone x2  
  136  9:48  Pathogen Glands  
  133  10:23  Drone x8, Spire  
  133  10:27  Zerg Melee Weapons Level 2  
  140  10:36  Zergling x6  
  140  10:37  Zergling x26  
  156  11:01  Baneling x8  
  151  11:14  Baneling  
  151  11:15  Baneling x5  
  151  11:16  Zergling x20  
  160  11:18  Overlord x3  
  160  11:19  Overlord x5  
  121  11:40  Swarm Host  
  148  11:48  Baneling x5  
  148  11:50  Drone x2  
  147  11:57  Corruptor x3  
  147  11:58  Corruptor x2  
  145  12:08  Zergling x2  
  145  12:09  Zergling x10  
  151  12:22  Extractor  
  135  12:33  Zergling x24  
  128  12:45  Baneling x2, Hydralisk  
  128  12:46  Hydralisk x7  
  134  13:11  Greater Spire  
  134  13:21  Zergling x18  
  134  13:22  Zergling x6  
  146  13:29  Infestor x2  
  150  13:37  Baneling x6  
  150  13:38  Zergling x6  
  150  13:39  Zergling x4  
  155  13:42  Ultralisk Cavern  
  155  13:43  Zerg Missile Weapons Level 2, Zerg Ground Armor Level 3  
  154  13:52  Extractor  
  154  13:53  Extractor  
  154  13:55  Drone x3  
  155  14:02  Zergling x14  
  162  14:07  Hatchery, Queen  
  162  14:08  Drone x3  
  166  14:11  Zerg Melee Weapons Level 3, Extractor  
  166  14:13  Hatchery  
  164  14:22  Baneling  
  164  14:23  Baneling x8  
  164  14:24  Zergling x2  
  164  14:25  Zergling x8  
  164  14:28  Drone x2  
  164  14:30  Drone  
  155  14:54  Brood Lord x3  
  155  14:58  Zergling x2  
  155  14:59  Zergling x24  
  150  15:11  Hydralisk  
  150  15:12  Hydralisk x2  
  147  15:18  Brood Lord  
  149  15:25  Drone  
  149  15:26  Drone x3  
  153  15:31  Brood Lord  
  153  15:34  Drone x2  
  157  15:42  Baneling  
  157  15:43  Baneling x6  
  157  15:46  Hydralisk  
  152  15:59  Zergling x8  
  152  16:00  Zergling x4  
  155  16:12  Burrow  
  146  16:36  Hatchery  
  129  17:12  Drone x2  
  129  17:13  Drone x3  
  134  17:18  Hydralisk  
  134  17:19  Hydralisk x5  
  142  17:26  Drone x2  
  144  17:38  Overseer  
  144  18:00  Drone x10  
  154  18:06  Hydralisk  
  154  18:12  Baneling  
  156  18:14  Infestor x2  
  156  18:18  Infestor  
  157  18:43  Zergling x2  
  157  18:44  Zergling x18  
  161  18:52  Zergling x2  
  161  18:53  Zergling x10  
  161  18:54  Hatchery  
  166  19:10  Zergling x14  
  166  19:11  Zergling x8  
  177  19:30  Zergling x26  
  177  19:53  Infestor x2  
  177  19:54  Infestor x2  
  177  20:41  Spine Crawler  
  177  20:42  Spine Crawler  
  177  20:43  Spine Crawler  
  177  20:55  Extractor  
  177  20:56  Extractor  
Tags
 
Add a new tag
Caveats
  • Supply blocks, unpowered buildings, or Contaminate may cause inaccurate times.
  • Supply counts are checked every 10 seconds.